AoeStats
← maksi_ka

Arabia

510159691Analyzed
1v1 RM · 3d ago on Sep 29, 2026· 51m 55s· 2 players
Game mode
Random Map
Map size
Tiny (2 player)
Population
200
Speed
Normal
Resources
Standard
Victory
Conquest
Starting age
Dark Age
Ending age
Imperial Age
RankedLock teamsTeams togetherTeam positionsShared explorationLock speedFull tech treeHidden civsTurbo modeCheats
Victory
Defeat
🇩🇪 Franks · Germany
885
+17
🇨🇱 Celts · Chile
910
-17
maksi_ka
7:33 Loom
9:56 Feudal Age
23:06 Castle Age
24:07 Husbandry
25:40 Forging
25:36 Scale Barding Armor
27:51 Double-Bit Axe
28:51 Iron Casting
28:37 Chain Barding Armor
30:30 Gold Mining
31:46 Fletching
31:57 Padded Archer Armor
32:29 Crossbowman
32:30 Elite Skirmisher
38:07 Bodkin Arrow
44:46 Imperial Age
44:53 Bow Saw
47:12 Blast Furnace
46:38 Ballistics
47:04 Cavalier
Benjaamon
10:10 Feudal Age
10:35 Double-Bit Axe
11:25 Man-at-Arms
18:39 Forging
25:05 Castle Age
24:01 Horse Collar
24:25 Fletching
25:26 Scale Mail Armor
25:24 Pikeman
25:28 Crossbowman
28:46 Wheelbarrow
30:20 Heavy Plow
31:09 Bow Saw
31:49 Chain Mail Armor
33:59 Iron Casting
33:45 Loom
36:04 Arson
44:26 Imperial Age
45:30 Gambesons
49:28 Stronghold
50:54 Bodkin Arrow
Connection lost

Rejoining the realm…

Still unreachable

The connection could not be restored.

Session expired

The server has moved on; the page needs a fresh start.